 Dungeon Crawl Stone Soup version 0.29-a0-233-g1125b37a9b (webtiles) character file.

Game seed: 2300426883687736129

162 drugrobin the Chopper (level 4, -4/37 HPs)
             Began as a Demigod Fighter on Mar 2, 2022.
             Killed by divine providence
             ... invoked by an orc priest
              (11 damage)
             ... on level 3 of the Dungeon.
             The game lasted 00:04:24 (2982 turns).

drugrobin the Chopper (Demigod Fighter)             Turns: 2982, Time: 00:04:25

Health: -4/37      AC:  8    Str: 21    XL:     4   Next: 99%
Magic:  15/15      EV:  7    Int: 10    God:
Gold:   86         SH:  4    Dex: 13    Spells: 3/3 levels left

rFire   . . .      SeeInvis .   o - +7 Throatcutter {drain, coup de grace}
rCold   . . .      Faith    .   c - +0 buckler
rNeg    . . .      Spirit   .   h - +0 chain mail
rPois   .          Reflect  .   (no helmet)
rElec   .          Harm     .   (no cloak)
rCorr   .          Rampage  .   (no gloves)
Will    .....                   (no boots)
Stlth   ..........              (no amulet)
HPRegen 0.12/turn               l - ring of magical power
MPRegen 0.14/turn               (no ring)

@: no status effects
A: high MP 1, forlorn, divine attributes
a: no special abilities


You were on level 3 of the Dungeon.
You visited 1 branch of the dungeon, and saw 4 of its levels.

You collected 86 gold pieces.

Inventory:

Hand Weapons
 a - a +0 war axe
 o - the +7 Throatcutter (weapon) {drain, coup de grace}
   (You found it on level 2 of the Dungeon)

   A truly terrible weapon, it drains the life of any living foe it strikes.
   It may instantly kill foes which have little health.
Missiles
 f - 4 javelins
 s - 2 boomerangs (quivered)
Armour
 b - a +0 scale mail
 c - a +0 buckler (worn)
 h - a +0 chain mail (worn)
 j - an orb of wrath
Jewellery
 l - a ring of magical power (left hand)
Scrolls
 e - a scroll of enchant armour {unknown}
 g - a scroll of identify {unknown}
 n - a scroll of holy word {unknown}
 p - a scroll of amnesia {unknown}
 r - 2 scrolls of noise {unknown}
 t - a scroll of vulnerability {unknown}
 u - a scroll of torment {unknown}
Potions
 d - a potion of might
 i - 2 potions of curing {unknown}
 k - a potion of flight {unknown}
 m - 2 potions of haste {unknown}
 q - 2 potions of magic {unknown}


   Skills:
 - Level 2.6 Fighting
 + Level 5.0 Axes
 - Level 2.6 Armour
 - Level 2.6 Shields


You had 3 spell levels left.
You didn't know any spells.
Your spell library contained the following spells:

 Spells                   Type           Power      Damage    Failure   Level
 Foxfire                  Conj/Fire      0%         2x1d4     99%         1
 Scorch                   Fire           0%         2d5       100%        2
 Conjure Flame            Conj/Fire      0%         6-21      100%        3
 Inner Flame              Hex/Fire       0%         N/A       100%        3
 Flame Wave               Conj/Fire      0%         2d4       100%        4
 Summon Cactus Giant      Summ           0%         N/A       100%        6


Dungeon Overview and Level Annotations

Branches:
Dungeon (4/15)
 Temple: D:4-7

Annotations:
D:3 2 runed translucent doors


Innate Abilities, Weirdness & Mutations

You have an increased reservoir of magic. (+10% MP)
You shall have no god before yourself.
Your divine heritage dramatically boosts your attributes as you level up.


Message History

The ball python hisses angrily.
You slash the ball python!
You kill the ball python!
A kobold comes into view. It is wielding a +0 short sword.
The kobold shouts!
The kobold throws a stone.
The stone closely misses you.
The kobold throws a stone.
You block the stone. The kobold hits you but does no damage.
You slash the kobold!
You kill the kobold!
Things that are here:
a +0 short sword; 3 stones; a kobold corpse
There is a stone staircase leading up here.
Key pressed, stopping explore.
There is a stone staircase leading up here.
Found an escape hatch in the ceiling.
You see here a +0 war axe.
Unknown command.
An orc priest comes into view. It is wielding a +0 dagger.
The orc priest shouts!
Unknown command.
An orc priest and an orc come into view.
Found a large runed translucent door.
The orc priest shouts!
The orc shouts!
You hear a shout!
A goblin comes into view. It is wielding a +0 dagger.
An orc priest opens the door.
The orc priest mumbles some strange prayers to Beogh against you.
Pain shoots through your body!
The orc priest mumbles some strange prayers to Beogh against you.
Pain shoots through your body!
The orc priest miscasts a cantrip.
The orc priest looks satisfied for a moment.
The orc priest invokes the aid of Beogh against you.
Beogh smites you!
* * * LOW HITPOINT WARNING * * *
You see here a +0 dagger.
The orc priest looks encouraged for a moment.
The orc priest mumbles some strange prayers to Beogh against you.
Beogh smites you!
You die...

########.#.#..##.#....########
........^.....................
########.#.#####.#....####.###
...#...#.#....##.#..[.####.#####.
...#...#.#..#.##.#.###...........
...........<..#..#.....###.######
...##########.#.##########.#
####...........<......oooo.#
####.#########.#@...######)#
.....#..............# #.#
.....#.########...### ## #.#
...[.#.###....#...# #. #.#
........##....#...# #. #o#
###..............#### #.##.###.##
#.................#.#...o......
#..........#.#..#.#.#..#.######
#.......##.#..#.#.#.#..#o##


You could see 2 orc priests.

Vanquished Creatures
  An orc priest (D:4)
  An iguana (D:4)
  An orc wizard (D:3)
  2 adders
  A worm (D:3)
  2 dart slugs
  3 orcs
  4 bats
  4 endoplasms
  2 giant cockroaches (D:1)
  4 goblins
  8 hobgoblins
  6 kobolds
  A quokka (D:1)
  4 ball pythons
  2 frilled lizards
  2 rats
48 creatures vanquished.

Notes
Turn   | Place    | Note
-------+----------+-------------------------------------------
     0 | D:1      | drugrobin the Demigod Fighter began the quest for the Orb.
     0 | D:1      | Reached XP level 1. HP: 18/18 MP: 3/3
    29 | D:1      | Reached skill level 2 in Axes
   444 | D:1      | Reached XP level 2. HP: 25/25 MP: 4/4
   848 | D:1      | Reached skill level 3 in Axes
  1368 | D:2      | Found the +7 Throatcutter {drain, coup de grace}
  1677 | D:2      | Reached XP level 3. HP: 18/30 MP: 5/5
  2070 | D:3      | Reached skill level 4 in Axes
  2070 | D:3      | Reached XP level 4. HP: 24/37 MP: 6/6
  2762 | D:3      | Reached skill level 5 in Axes
  2959 | D:3      | Found a large runed translucent door.
  2959 | D:3      | Found a large runed translucent door.
  2982 | D:3      | Killed from afar by an orc priest

Illustrated notes

Levels and vault maps discovered:
D:1:      dpeg_arrival_rhombi, layout_basic,
          hellmonk_ecumenical_altar_slurped_away
D:2:      layout_basic, basic_altar
D:3:      layout_basic, jmf_multi_god_temple2, serial_aquarium,
          aquarium_bridge_long_separate [aquarium_subvault_window,
          aquarium_subvault_bridge, aquarium_subvault_bridge,
          aquarium_subvault_bridge, aquarium_subvault_window,
          aquarium_subvault_balcony], aquarium_bridge_square
          [aquarium_subvault_wall, aquarium_subvault_window,
          aquarium_subvault_wall, aquarium_subvault_bridge], aquarium_window_3,
          aquarium_window_corner, aquarium_view_2d
D:4:      layout_basic, nicolae_ru_great_annihilating_truth, temple_statues,
          grunt_decor_arrowhead

Skill      XL: |  1  2  3  4 |
---------------+-------------+-----
Axes           | 2 3 4 5 |  5.0
Fighting       | |  2.6
Armour         | |  2.6
Shields        | |  2.6

Action                   |  1- 3 |  4- 6 || total
-------------------------+-------+-------++-------
Melee: War axe           |    49 |       ||    49
       Long sword        |    36 |    23 ||    59
Armor: Scale mail        |     5 |       ||     5
       Chain mail        |    46 |    14 ||    60
Dodge: Dodged            |    25 |     9 ||    34
Block: Buckler           |    27 |     3 ||    30

Table legend: (Time is in decaauts)
 A = Elapsed time spent in this place.
 B = Non-inter-level travel time spent in this place.
 C = Inter-level travel time spent in this place.
 D = Time resting spent in this place.
 E = Time spent auto-exploring this place.
 F = Levels seen in this place.
 G = Mean time per level.
                   A        B        C        D        E       F      G
               +--------+--------+--------+--------+--------+-----+--------+
         Total |   3030 |   2919 |    111 |    749 |   1548 |   4 |  757.5 |
       Dungeon |   3030 |   2919 |    111 |    749 |   1548 |   4 |  757.5 |
               +--------+--------+--------+--------+--------+-----+--------+

Top non-repeatable levels by time:
     D:1: 1371 daAuts
     D:4: 567 daAuts
     D:2: 556 daAuts
     D:3: 534 daAuts
